AoeStats
← ricky102603

Arabia

509495312Analyzed
1v1 RM · 7d ago on Sep 27, 2026· 35m 8s· 2 players
Game mode
Random Map
Map size
Tiny (2 player)
Population
200
Speed
Normal
Resources
Standard
Victory
Conquest
Starting age
Dark Age
Ending age
Imperial Age
RankedLock teamsTeams togetherTeam positionsShared explorationLock speedFull tech treeHidden civsTurbo modeCheats
Victory
Defeat
🇵🇪 Franks · Peru
1072
+14
🇹🇼 Ethiopians · Taiwan
1034
-14
ElQueLaArrastra
2:58 Loom
5:47 Loom
9:43 Feudal Age
10:27 Double-Bit Axe
15:09 Scale Barding Armor
17:47 Wheelbarrow
22:33 Castle Age
21:24 Forging
21:29 Gold Mining
23:42 Bow Saw
25:02 Iron Casting
32:09 Elite Skirmisher
34:24 Chain Barding Armor
36:17 Gold Shaft Mining
ricky102603
6:46 Loom
9:34 Feudal Age
12:35 Fletching
21:37 Castle Age
19:58 Padded Archer Armor
20:10 Double-Bit Axe
21:26 Gold Mining
21:39 Crossbowman
22:19 Bodkin Arrow
32:06 Leather Archer Armor
Connection lost

Rejoining the realm…

Still unreachable

The connection could not be restored.

Session expired

The server has moved on; the page needs a fresh start.